 Dungeon Crawl Stone Soup version 0.30-a0-722-g3e6e8c874d (webtiles) character file.

Game seed: 9906376268601880806

86 Dittersdorf the Trooper (level 4, -2/29 HPs)
             Began as a Gargoyle Fighter on Jan 27, 2023.
             Killed by divine providence
             ... invoked by an orc priest
              (11 damage)
             ... on level 3 of the Dungeon.
             The game lasted 00:02:16 (1836 turns).

Dittersdorf the Trooper (Gargoyle Fighter)          Turns: 1836, Time: 00:02:16

Health: -2/29      AC: 10    Str: 22    XL:     4   Next: 49%
Magic:  4/4        EV:  6    Int:  8    God:
Gold:   120        SH:  0    Dex:  9    Spells: 3/3 levels left

rFire   . . .      SeeInvis .    a - +0 flail
rCold   . . .      Faith    .    k - +0 tower shield
rNeg    + . .      Spirit   .    b - +0 scale mail
rPois   ∞          Reflect  .    (no helmet)
rElec   +          Harm     .    (no cloak)
rCorr   .          Rampage  .    (no gloves)
Will    .....                    (no boots) Stlth
                                 h - amulet of magic regeneration
HPRegen 0.24/turn                (no ring)
MPRegen 0.49/turn                (no ring)

@: confused
A: sickness immunity, AC +3, negative energy resistance 1, electricity
resistance, torment resistance 1, petrification resistance
a: no special abilities


You were on level 3 of the Dungeon.
You visited 1 branch of the dungeon, and saw 3 of its levels.

You collected 120 gold pieces.

Inventory:

Hand Weapons
 a - a +0 flail (weapon)
Armour
 b - a +0 scale mail (worn)
 k - a +0 tower shield (worn)
Jewellery
 h - an amulet of magic regeneration (around neck)
Scrolls
 c - a scroll of amnesia {unknown}
 e - 3 scrolls of teleportation {unknown}
 g - 5 scrolls of identify {unknown}
 i - a scroll of brand weapon {unknown}
 m - 3 scrolls of torment {unknown}
Potions
 d - a potion of might
 f - a potion of berserk rage {unknown}
 j - a potion of lignification {unknown}
 l - 2 potions of magic {unknown}
 n - a potion of resistance {unknown}


   Skills:
 + Level 4.0 Fighting
 + Level 2.7 Maces & Flails
 + Level 4.0 Armour
 + Level 4.0 Shields


You had 3 spell levels left.
You didn't know any spells.
Your spell library contained the following spells:

 Spells                   Type           Power      Damage    Failure   Level
 Magic Dart               Conj           0%         1d3       100%        1
 Call Imp                 Summ           0%         N/A       100%        2
 Ensorcelled Hibernation  Hex/Ice        0%         N/A       100%        2
 Passwall                 Tmut/Erth      0%         N/A       100%        2
 Gell's Gravitas          Tloc           0%         N/A       100%        3
 Mephitic Cloud           Conj/Pois/Air  0%         N/A       100%        3
 Swiftness                Air            0%         N/A       100%        3
 Teleport Other           Tloc           0%         N/A       100%        3
 Dispersal                Tloc           0%         N/A       100%        6


Dungeon Overview and Level Annotations

Branches:
Dungeon (3/15)

Altars:

Shops:
D:2 (

Annotations:
D:3 1 transporter


Innate Abilities, Weirdness & Mutations

You are immune to sickness and miasma.
Your stone body is resilient. (AC +3)
You are immune to poison.
You resist negative energy. (rN+)
You are resistant to electric shocks. (rElec)
You are resistant to unholy torment.
You are immune to petrification.


Message History

No target in view!
No target in view!
No target in view!
You now have 120 gold pieces (gained 12).
Things that are here:
a bat corpse; a hobgoblin corpse
There is a stone staircase leading down here.
You start resting.
HP restored.
You climb downwards.
Level annotation: 1 transporter The orc priest invokes the aid of Beogh against you.
Beogh smites you!
There is a stone staircase leading up here.
The orc priest calls down the wrath of Beogh upon you.
Pain shoots through your body!
You climb upwards.
There is a stone staircase leading down here.
You start resting.
HP restored.
You climb downwards.
Level annotation: 1 transporter
There is a stone staircase leading up here.
The orc priest looks satisfied for a moment.
You climb upwards.
There is a stone staircase leading down here.
You climb downwards.
Level annotation: 1 transporter The orc priest calls down the wrath of Beogh upon you.
Beogh smites you!
Ouch! That really hurt!
There is a stone staircase leading up here.
The orc wizard points at you and mumbles some strange words.
You are confused.
In your confused state, you trip and fall back down the stairs.
The orc priest hits you with a +0 flail.
The orc priest barely misses you.
The orc priest calls down the wrath of Beogh upon you.
Beogh smites you!
You die...

...+/©#©..#######
...#..#...#.....##
~~~#P8#..........##
#######...........#
......$...........#
...>.)............#
.......##.........#
####...##..†...o[.#
#...###......@##
...####......oo.#
.... #.........#
..... #.........#
..... #.........#
#.........#
##.......##
##.....## #######


You could see 2 orc priests and an orc wizard.

Vanquished Creatures
  Jessica (D:2)
  A worm (D:2)
  A dart slug (D:1)
  2 orcs
  8 ball pythons
  6 bats
  5 endoplasms
  A giant cockroach (D:1)
  3 hobgoblins
  5 kobolds
  2 quokkas (D:1)
  4 frilled lizards (D:2)
  5 goblins
  5 rats
49 creatures vanquished.

Notes
Turn   | Place    | Note
-------+----------+-------------------------------------------
     0 | D:1      | Dittersdorf the Gargoyle Fighter began the quest for the
                  | Orb.
     0 | D:1      | Reached XP level 1. HP: 14/14 MP: 1/1
   112 | D:1      | Reached XP level 2. HP: 19/19 MP: 2/2
   200 | D:1      | You fall into a shaft and drop 1 floor!
   651 | D:1      | Reached XP level 3. HP: 22/23 MP: 3/3
  1246 | D:2      | Noticed Jessica
  1251 | D:2      | Killed Jessica
  1252 | D:2      | Reached XP level 4. HP: 29/29 MP: 4/4
  1263 | D:2      | Found Gual's Antique Weapon Shoppe.
  1617 | D:3      | Found a transporter.
  1836 | D:3      | Killed from afar by an orc priest

Illustrated notes

Levels and vault maps discovered:
D:1:      spicycebolla_arrival_ecumenical, layout_loops_ring,
          kennysheep_another_room
D:2:      kennysheep_six_static_rooms, layout_basic, serial_shops, shop,
          uniq_jessica
D:3:      gammafunk_steamed_eel, layout_rooms, grunt_temple_overflow_open,
          kennysheep_cluttered_room

Skill      XL: |  1  2  3  4 |
---------------+-------------+-----
Fighting       | 4 |  4.0
Shields        | 4 |  4.0
Armour         | 4 |  4.0
Maces & Flails | |  2.7

Action                     |  1- 3 |  4- 6 || total
---------------------------+-------+-------++-------
  Melee: Flail             |   114 |    41 ||   155
 Armour: Scale mail        |    83 |    42 ||   125
  Dodge: Dodged            |    40 |    22 ||    62
  Block: Buckler           |    25 |       ||    25
         Tower shield      |    25 |    49 ||    74

Table legend: (Time is in decaauts)
 A = Elapsed time spent in this place.
 B = Non-inter-level travel time spent in this place.
 C = Inter-level travel time spent in this place.
 D = Time resting spent in this place.
 E = Time spent auto-exploring this place.
 F = Levels seen in this place.
 G = Mean time per level.
                   A        B        C        D        E       F      G
               +--------+--------+--------+--------+--------+-----+--------+
         Total |   1917 |   1792 |    125 |    198 |   1152 |   3 |  639.0 |
       Dungeon |   1917 |   1792 |    125 |    198 |   1152 |   3 |  639.0 |
               +--------+--------+--------+--------+--------+-----+--------+

Top non-repeatable levels by time:
     D:2: 1031 daAuts
     D:1: 839 daAuts
     D:3: 47 daAuts
